AoeStats
← Pseudoskills

Glade

510616632Analyzed
1v1 RM · 12d ago on Oct 1, 2026· 18m 20s· 2 players
Game mode
Random Map
Map size
Tiny (2 player)
Population
200
Speed
Normal
Resources
Standard
Victory
Conquest
Starting age
Dark Age
Ending age
Imperial Age
RankedLock teamsTeams togetherTeam positionsShared explorationLock speedFull tech treeHidden civsTurbo modeCheats
Victory
Defeat
🇺🇸 Khmer · United States
1001
+17
vs
🇪🇸 Armenians · Spain
1031
-17
Pseudoskills
8:41 Loom
10:44 Feudal Age
15:01 Castle Age
13:31 Double-Bit Axe
13:54 Gold Mining
15:09 Bloodlines
TETE SKEDAR
10:52 Feudal Age
15:26 Castle Age
13:20 Double-Bit Axe
Connection lost

Rejoining the realm…

Still unreachable

The connection could not be restored.

Session expired

The server has moved on; the page needs a fresh start.